 Dungeon Crawl Stone Soup version 0.20-a0-870-g4070442 (webtiles) character file.

1571 Dfrag the Firebug (level 8, -6/62 HPs)
             Began as a Naga Fire Elementalist on Mar 13, 2017.
             Was an Initiate of Vehumet.
             Mangled by an orc
             ... wielding a +2 flail of holy wrath
              (8 damage)
             ... on level 6 of the Dungeon.
             The game lasted 00:08:14 (5089 turns).

Dfrag the Firebug (Naga Fire Elementalist)          Turns: 5089, Time: 00:08:14

Health: -6/62      AC:  4    Str: 10    XL:     8   Next: 90%
Magic:  0/17       EV: 10    Int: 19    God:    Vehumet [......]
Gold:   211        SH:  0    Dex: 11    Spells: 11/19 levels left

rFire    . . .     SeeInvis +   w - +0 long sword
rCold    + . .     Gourm    .   a - +0 robe
rNeg     . . .     Faith    .   (no shield)
rPois    +         Spirit   .   (no helmet)
rElec    .         Reflect  .   y - scarf {rC+}
rCorr    .         Harm     .   l - +0 pair of gloves
MR       +....                  (no barding)
Stlth    ++........             (no amulet)
Regen    0.2/turn               (no ring)
MPRegen  0.2/turn               (no ring)

@: lethally poisoned (-6 -> -7), very slow
A: see invisible, deformed body, poison resistance, slowness 2, slow metabolism
1, spit poison 1, AC +2
a: Spit Poison, Renounce Religion


You were on level 6 of the Dungeon.
You worshipped Vehumet.
Vehumet was noncommittal.
You were hungry.

You visited 2 branches of the dungeon, and saw 7 of its levels.

You collected 211 gold pieces.

Inventory:

Hand Weapons
 h - a +1 vampiric dagger
 w - a +0 long sword (weapon)
Missiles
 r - 4 curare-tipped needles
Armour
 a - a +0 robe (worn)
 l - a +0 pair of gloves (worn)
 y - a scarf of cold resistance (worn)
Scrolls
 d - a scroll of teleportation {unknown}
 e - a scroll of blinking {unknown}
 f - a scroll of remove curse {unknown}
 g - 8 scrolls of identify {unknown}
 i - a scroll of amnesia {unknown}
 j - a scroll of immolation {unknown}
 m - 2 scrolls of fear {unknown}
 n - 3 scrolls of enchant armour {unknown}
 s - a scroll of enchant weapon {unknown}
 t - a scroll of magic mapping {unknown}
 C - 2 scrolls of noise {unknown}
Potions
 o - a potion of flight {unknown}
 p - 3 potions of agility {unknown}
 u - 2 potions of invisibility {unknown}
 v - 2 potions of berserk rage {unknown}
 x - a potion of curing {unknown}
 z - a potion of brilliance {unknown}
 A - a potion of heal wounds {unknown}
 B - a potion of might {unknown}
Books
 b - a book of Flames

   Spells                             Type                      Level
   a - Flame Tongue                   Conjuration/Fire             1
   b - Throw Flame                    Conjuration/Fire             2
   c - Conjure Flame                  Conjuration/Fire             3
   d - Inner Flame                    Hexes/Fire                   3
   e - Sticky Flame                   Conjuration/Fire             4
   f - Fireball                       Conjuration/Fire             5
Comestibles
 c - 5 bread rations
 k - 2 royal jellies
 q - 2 meat rations


   Skills:
 - Level 1.5 Dodging
 - Level 3.0 Stealth
 + Level 6.0 Spellcasting
 + Level 6.4 Conjurations
 + Level 6.8 Fire Magic


You had 11 spell levels left.
You knew the following spells:

 Your Spells              Type           Power        Failure   Level  Hunger
a - Flame Tongue          Conj/Fire      ####.        1%          1    None
b - Conjure Flame         Conj/Fire      ####....     1%          3    ##.....
c - Sticky Flame          Conj/Fire      ####....     10%         4    ####...


Dungeon Overview and Level Annotations

Branches:
Dungeon (6/15)             Temple (1/1) D:4

Altars:
Ashenzari
Cheibriados
Dithmenos
Elyvilon
Fedhas
Gozag
Nemelex Xobeh
Ru
Trog
Vehumet
Yredelemnul
Zin

Annotations:
D:4 nebgrebaes's ghost, amateur HOGl


Innate Abilities, Weirdness & Mutations

You cannot wear boots.
Your serpentine skin is tough. (AC +2)
You have supernaturally acute eyesight. (SInv)
Armour fits poorly on your strangely shaped body.
Your system is resistant to poisons. (rPois)
You cover ground very slowly.
You have a slow metabolism.
You can spit poison.


Message History

The worker ant is almost dead.
Casting: Flame Tongue
Confirm with . or Enter, or press ? or * to list all spells.
Aiming: Flame Tongue
Press: ? - help, Shift-Dir - straight line, f/p - worker ant
Aim: a worker ant (almost dead)
The flame tongue hits the worker ant.
You kill the worker ant!
Vehumet accepts your kill.
Your Spellcasting skill increases to level 6!
Casting: Flame Tongue
Confirm with . or Enter, or press ? or * to list all spells.
You don't have enough magic to cast that spell.
Unknown command.
You hit the orc but do no damage.
The orc is heavily wounded.
* * * LOW HITPOINT WARNING * * *
You feel sick. The orc closely misses you.
The orc hits you with a flail of holy wrath!
You die...

#......# ..
#......##+##.. ##
#..........#.. ./
+......÷)..#.# #.
#.......÷..... #.
###............. #.
#...........#...
#.###.#......####...
#..@o........)...)..
#####.#......####...
#..........# #..<
#.#.######.# #...
#.#o# +# #.#. #


#ah #.#. #.. #.## +.. #.. #... #### You could see an orc.

Vanquished Creatures
  Prince Ribbit (D:6)
  Menkaure (D:4)
  3 orc warriors (D:6)
  An ogre (D:6)
  3 howler monkeys
  A crimson imp (D:6)
  2 bullfrog zombies (D:4)
  A centaur zombie (D:4)
  An orc priest (D:6)
  An orc wizard (D:3)
  2 bullfrog skeletons
  2 centaur skeletons (D:4)
  2 iguanas
  3 worker ants
  2 hound zombies (D:4)
  4 hound skeletons
  A howler monkey zombie (D:5)
  A worker ant zombie (D:4)
  10 adders
  A howler monkey skeleton (D:4)
  A shadow imp (D:5)
  4 adder zombies
  An adder skeleton (D:4)
  5 worms
  5 dart slugs
  7 leopard geckos
  10 orcs
  A ball python (D:1)
  7 bats
  3 giant cockroaches
  4 goblins
  3 hobgoblins
  4 jackals (D:6)
  2 quokkas
  12 frilled lizards
  2 giant cockroach zombies (D:4)
  A jackal skeleton (D:5)
  9 kobolds
  2 leopard gecko skeletons (D:4)
  A quokka zombie (D:4)
  10 rats
137 creatures vanquished.

Notes
Turn   | Place    | Note
-------+----------+-------------------------------------------
     0 | D:1      | Dfrag the Naga Fire Elementalist began the quest for the Orb.
     0 | D:1      | Reached XP level 1. HP: 15/15 MP: 3/3
   121 | D:1      | Reached XP level 2. HP: 13/22 MP: 5/5
   468 | D:1      | Reached XP level 3. HP: 28/28 MP: 6/6
   954 | D:2      | Reached XP level 4. HP: 36/36 MP: 8/8
  1455 | D:3      | Reached XP level 5. HP: 30/42 MP: 1/9
  1466 | D:3      | Learned a level 3 spell: Conjure Flame
  1471 | D:3      | Learned a level 4 spell: Sticky Flame
  1998 | D:4      | Reached XP level 6. HP: 15/49 MP: 0/11
  2422 | D:4      | Noticed nebgrebaes's ghost (amateur HOGl)
  2429 | D:5      | Entered Level 5 of the Dungeon
  2655 | D:5      | Found an opulent altar of Gozag.
  2655 | D:5      | Found a snail-covered altar of Cheibriados.
  2839 | D:5      | Reached skill level 5 in Fire Magic
  2839 | D:5      | Reached XP level 7. HP: 48/55 MP: 10/13
  3371 | D:6      | Noticed Prince Ribbit
  3377 | D:6      | Killed Prince Ribbit
  3641 | D:6      | Reached skill level 5 in Conjurations
  3746 | D:6      | Reached XP level 8. HP: 62/62 MP: 5/15
  3835 | D:4      | Reached skill level 5 in Spellcasting
  4507 | D:4      | Noticed Menkaure
  4509 | D:4      | Killed Menkaure
  4529 | D:4      | Found a staircase to the Ecumenical Temple.
  4538 | Temple   | Entered the Ecumenical Temple
  4591 | Temple   | Became a worshipper of Vehumet
  5086 | D:6      | HP: 2/62 [worker ant (4)]
  5089 | D:6      | Mangled by an orc

Vault maps used:
D:1:      sevenhm_arrival_forest_fort_large_3
D:2:      first_bread
D:4:      minmay_temple_entry_statues_fountains, serial_undead, serial_undead_a,
          serial_undead_d, serial_undead_d, serial_undead_a, serial_undead_e,
          serial_undead_c, uniq_menkaure
D:5:      gammafunk_temple_overflow_pools
D:6:      uniq_prince_ribbit1
Temple:   minmay_crystal_spiral_temple

Skill      XL: |  1  2  3  4  5  6  7  8 |
---------------+-------------------------+-----
Conjurations   | 2 3 4 5 6 |  6.4
Spellcasting   | 3 4 6 |  6.0
Fire Magic     | 4 5 6 |  6.8
Dodging        | |  1.5
Stealth        | |  3.0

Action                   |  1- 3 |  4- 6 |  7- 9 || total
-------------------------+-------+-------+-------++-------
Melee: Unarmed           |    21 |    25 |       ||    46
       Long sword        |       |    20 |    93 ||   113
 Cast: Flame Tongue      |    23 |    97 |    85 ||   205
       Sticky Flame      |       |     4 |    13 ||    17
 Abil: Spit Poison       |    27 |    25 |     9 ||    61
  Eat: Chunk             |     2 |     7 |     8 ||    17
Armor: Robe              |    12 |    32 |    43 ||    87
Dodge: Dodged            |    25 |    72 |    94 ||   191
       Rpst.: Long sword |       |     6 |    25 ||    31
